 Dungeon Crawl Stone Soup version 0.23.0 (webtiles) character file.

Game seed: 7361427847737723192

291 Lavandula the Ruffian (level 6, -2/55 HPs)
             Began as a Troll Hunter on Feb 16, 2019.
             Was an Initiate of Okawaru.
             Slain by a gnoll
             ... wielding a +0 spear
              (8 damage)
             ... on level 4 of the Dungeon.
             The game lasted 00:05:22 (2443 turns).

Lavandula the Ruffian (Troll Hunter)                Turns: 2443, Time: 00:05:22

Health: -2/55      AC:  6    Str: 23    XL:     6   Next: 10%
Magic:  5/5        EV: 10    Int:  7    God:    Okawaru [......]
Gold:   147        SH:  0    Dex: 10    Spells: 5/5 levels left

rFire    + . .     SeeInvis .     - Unarmed
rCold    x . .     Gourm    +   (no shield)
rNeg     . . .     Faith    .   b - +0 robe
rPois    .         Spirit   .   (helmet restricted)
rElec    .         Reflect  .   (no cloak)
rCorr    .         Harm     .   (gloves unavailable)
MR       .....                  (boots unavailable)
Stlth    +.........             (no amulet)
HPRegen  0.58/turn              m - ring of fire
MPRegen  0.09/turn              (no ring)

@: no status effects
A: large, unfitting armour, claws 3, fast metabolism 3, gourmand, regeneration
1, shaggy fur 1, tough skin 3
a: Renounce Religion


You were on level 4 of the Dungeon.
You worshipped Okawaru.
Okawaru was noncommittal.
You were full.

You visited 1 branch of the dungeon, and saw 4 of its levels.

You collected 147 gold pieces.

Inventory:

Missiles
 a - 4 needles of frenzy
 d - 2 throwing nets (quivered)
Armour
 b - a +0 robe (worn)
Jewellery
 m - a ring of fire (left claw)
 o - an uncursed ring of stealth {unknown}
Scrolls
 e - 2 scrolls of immolation {unknown}
 g - a scroll of fog {unknown}
 h - 2 scrolls of identify {unknown}
 j - 3 scrolls of remove curse {unknown}
 k - 3 scrolls of teleportation {unknown}
 r - a scroll of enchant armour {unknown}
Potions
 i - 2 potions of agility {unknown}
 l - 2 potions of curing {unknown}
 n - a potion of haste {unknown}
 p - 2 potions of berserk rage {unknown}
 q - a potion of heal wounds {unknown}
Comestibles
 f - 8 rations


   Skills:
 - Level 1.5 Fighting
 - Level 3.6 Throwing
 - Level 1.5 Dodging
 - Level 0.3 Stealth
 + Level 6.0 Unarmed Combat


You had 5 spell levels left.
You didn't know any spells.
Your spell library was empty.

Dungeon Overview and Level Annotations

Branches:
Dungeon (4/15)             Temple (0/1) D:4

Altars:
Dithmenos
Elyvilon
Okawaru
Xom

Annotations:
D:4 2 transporters, MenacingMecha's ghost, amateur MfGl


Innate Abilities, Weirdness & Mutations

You are too large for most types of armour.
You have claws for hands.
Your metabolism is lightning-fast.
You like to eat raw meat.
Your natural rate of healing is unusually fast.
You are covered in fur. (AC +1)
You have extremely tough skin. (AC +3)


Message History

You scratch the gnoll.
You kill the gnoll!
Okawaru accepts your kill.
The gnoll hits you from afar with a +0 spear.
* * * LOW HITPOINT WARNING * * *
The gnoll hits you with a +0 spear.
* * * LOW HITPOINT WARNING * * *
Things that are here:
a +0 club; a gnoll corpse; an orc corpse You scratch the gnoll.
The gnoll is lightly wounded.
The gnoll hits you with a +0 spear.
* * * LOW HITPOINT WARNING * * *
You barely miss the gnoll.
The gnoll is lightly wounded.
The gnoll barely misses you.
You claw the gnoll!
The gnoll is severely wounded.
The gnoll hits you with a +0 spear!
You die...

...#..##..#...(..#.#
...#......#..##.##.#
...########...#.# .#
....####..#...#.# .#
......# #.....#.# .#
##....# #....##.# .#
#....# #%......# .#
#....# ##...#####.#
#....# #.>(()g@..#
#(...# ##.########
#(...##......#
#(...##........#
##(...##........#
##(..[##..........
##)...##...........
##...###...........
.....# ####.#......


You could see a gnoll.

Vanquished Creatures
  A gnoll shaman (D:4)
  A bullfrog skeleton (D:4)
  2 worker ants
  3 adders (D:2)
  6 gnolls
  2 oozes (D:1)
  6 worms
  3 dart slugs
  2 leopard geckos
  An orc (D:4)
  2 giant cockroaches (D:1)
  6 hobgoblins
  10 jackals
  A quokka (D:2)
  8 bats
  3 frilled lizards
  7 goblins
  3 kobolds
  A leopard gecko skeleton (D:4)
  4 rats
72 creatures vanquished.

Notes
Turn   | Place    | Note
-------+----------+-------------------------------------------
     0 | D:1      | Lavandula the Troll Hunter began the quest for the Orb.
     0 | D:1      | Reached XP level 1. HP: 19/19 MP: 0/0
    34 | D:1      | Reached skill level 1 in Unarmed Combat
    42 | D:1      | Reached XP level 2. HP: 27/27 MP: 1/1
    56 | D:1      | Reached skill level 2 in Unarmed Combat
   235 | D:1      | Reached XP level 3. HP: 33/33 MP: 2/2
   467 | D:1      | Reached skill level 3 in Unarmed Combat
   528 | D:2      | Found a shadowy altar of Dithmenos.
   736 | D:2      | Reached XP level 4. HP: 37/41 MP: 3/3
   920 | D:2      | Reached skill level 4 in Unarmed Combat
  1345 | D:3      | Found an iron altar of Okawaru.
  1357 | D:3      | Became a worshipper of Warmaster Okawaru
  1852 | D:4      | Found a transporter.
  1854 | D:4      | Identified the +8 dire flail "Ateutt" {freeze, rElec rPois
                  | Dex+2}
  1854 | D:4      | Noticed an ogre
  1854 | D:4      | Noticed MenacingMecha's ghost (amateur MfGl)
  1861 | D:4      | Found a shimmering altar of Xom.
  1986 | D:4      | Reached XP level 5. HP: 20/48 MP: 4/4
  1988 | D:4      | Found a staircase to the Ecumenical Temple.
  2069 | D:4      | Reached skill level 5 in Unarmed Combat
  2344 | D:4      | Found a white marble altar of Elyvilon.
  2374 | D:4      | Found a transporter.
  2430 | D:4      | Reached skill level 6 in Unarmed Combat
  2430 | D:4      | Reached XP level 6. HP: 16/55 MP: 5/5
  2443 | D:4      | Slain by a gnoll

Skill      XL: |  1  2  3  4  5 |
---------------+----------------+-----
Unarmed Combat | 1 2 3 4 6 |  6.0
Fighting       | |  1.5
Throwing       | |  3.6
Dodging        | |  1.5
Stealth        | |  0.3

Action                   |  1- 3 |  4- 6 || total
-------------------------+-------+-------++-------
Melee: Unarmed           |    81 |   125 ||   206
       Punch             |       |     1 ||     1
Throw: Large rock        |     5 |     7 ||    12
 Stab: Sleeping          |     1 |     1 ||     2
  Eat: Chunk             |     9 |    15 ||    24
Armor: Robe              |    25 |    37 ||    62
Dodge: Dodged            |    48 |    56 ||   104
